 Dungeon Sprint DCSS version 0.26.1-11-gd32895ea62 (webtiles) character file.

Game seed: 9558152379886676339

108 Zeld the Digger (level 4, 0/42 HPs)
             Began as a Gargoyle Earth Elementalist on June 11, 2021.
             Was a Believer of Sif Muna.
             Slain by an orc warrior
             ... wielding a +0 flail
              (1 damage)
             ... in the Dungeon (Sprint VII: "The Pits").
             The game lasted 00:01:11 (889 turns).

Zeld the Digger (Gargoyle Earth Elementalist)        Turns: 889, Time: 00:01:12

Health: 0/42       AC:  5    Str: 12    XL:     4   Next: 87%
Magic:  1/10       EV: 13    Int: 16    God:    Sif Muna [**....]
Gold:   0          SH:  0    Dex: 10    Spells: 2/12 levels left

rFire    . . .     SeeInvis .   (no weapon)
rCold    . . .     Faith    .   (no shield)
rNeg     + . .     Spirit   .   c - +0 robe
rPois    ∞         Reflect  .   (no helmet)
rElec    +         Harm     .   (no cloak)
rCorr    .         Rampage  .   (no gloves)
Will     .....     NoTele   +   (no boots)
Stlth    ..........             (no amulet)
HPRegen  0.14/turn              (no ring)
MPRegen  0.12/turn              (no ring)

@: berserking, very quick
A: negative energy resistance 1, electricity resistance, unbreathing,
petrification resistance, miasma immunity, AC +3
a: Renounce Religion, Channel Magic


You were in the Dungeon.
You worshipped Sif Muna.
Sif Muna was pleased with you.
You visited 1 branch

Inventory:

Missiles
 b - 27 stones (quivered)
Armour
 c - a +0 robe (worn)
Scrolls
 i - a scroll of blinking
 j - 3 scrolls of remove curse
 k - 5 scrolls of amnesia
 l - a scroll of summoning
Potions
 a - 2 potions of invisibility
 d - a potion of curing
 e - a potion of heal wounds
 f - a potion of haste
 g - 4 potions of magic
 h - 2 potions of berserk rage


   Skills:
 + Level 3.4 Fighting
 + Level 3.2 Dodging
 + Level 4.6 Stealth
 * Level 4.8 Spellcasting
 - Level 1.0 Transmutations
 * Level 6.8 Earth Magic


You had 2 spell levels left.
You knew the following spells:

 Your Spells              Type           Power        Failure   Level
a - Sandblast             Erth           50%          1%          1
b - Passwall              Tmut/Erth      13%          4%          2
c - Stone Arrow           Conj/Erth      28%          12%         3
d - Petrify               Tmut/Erth      16%          30%         4

Your spell library contained the following spells:

 Spells                   Type           Power        Failure   Level
 Lee's Rapid Deconstruct  Erth           12%          26%         5


Dungeon Overview and Level Annotations

Branches:
Dungeon (1/1)

Altars:
Ashenzari
Cheibriados
Dithmenos
Elyvilon
Fedhas
Gozag
Hepliaklqana
Kikubaaqudgha
Makhleb
Nemelex Xobeh
Okawaru
Qazlal
Ru
Sif Muna
Trog
Uskayaw
Vehumet
Wu Jian
Xom
Yredelemnul
Zin
The Shining One
Beogh
Jiyva
Lugonu


Innate Abilities, Weirdness & Mutations

You are resistant to torment.
Your stone body is resilient. (AC +3)
You are immune to poison.
You resist negative energy. (rN+)
You are resistant to electric shocks. (rElec)
You can survive without breathing.
You are immune to petrification.
You are immune to miasma.


Message History

A red film seems to cover your vision as you go berserk!
You feel yourself moving faster!
You feel mighty!
The orc warrior hits you with a +0 flail!
* * * LOW HITPOINT WARNING * * *
You hit the orc warrior.
The orc warrior is lightly wounded.
You barely miss the orc warrior.
The orc warrior is lightly wounded.
The orc warrior hits you with a +0 flail.
* * * LOW HITPOINT WARNING * * *
Your magical contamination has completely faded away.
You punch the orc warrior!
The orc warrior is heavily wounded.
You hit the orc warrior.
The orc warrior is severely wounded.
The orc warrior closely misses you.
You barely miss the orc warrior.
The orc warrior is severely wounded.
The orc warrior hits you with a +0 flail.
You die...

############ #_________.#
#_________.#
#_______...###########++#
##########'##............
#.?..')))'.##......#..#..
##########.##............
#.......@...'............
+#####o#####......#..#..
#...#o# #............
#..)#Z# ####'#####++#
#...'.# #.......##++#
##'#### #.......##...
#.o.g.# #.......##...
#.....# #...<...##..#
#...oo.. #.......##..#


You could see an orc warrior, an orc and an adder skeleton.

Vanquished Creatures
  A floating eye (D)
  An ufetubus (D)
  An orc (D)
  2 goblins (D)
  2 frilled lizards (D)
  A kobold (D)
8 creatures vanquished.

Notes
Turn   | Place    | Note
-------+----------+-------------------------------------------
     0 | D        | Zeld the Gargoyle Earth Elementalist began the quest for
                  | the Orb.
     0 | D        | Reached XP level 1. HP: 10/10 MP: 3/3
   211 | D        | Noticed a fire bat
   231 | D        | Found a bloodstained altar of Trog.
   231 | D        | Found a shimmering blue altar of Sif Muna.
   231 | D        | Found a viscous altar of Jiyva.
   231 | D        | Found a hazy altar of Hepliaklqana.
   231 | D        | Found an opulent altar of Gozag.
   232 | D        | Found a glowing golden altar of the Shining One.
   232 | D        | Found a glowing silver altar of Zin.
   232 | D        | Found a basalt altar of Yredelemnul.
   232 | D        | Found a shimmering altar of Xom.
   232 | D        | Found an ornate altar of the Wu Jian Council.
   232 | D        | Found a sacrificial altar of Ru.
   232 | D        | Found a stormy altar of Qazlal.
   232 | D        | Found an iron altar of Okawaru.
   232 | D        | Found a sparkling altar of Nemelex Xobeh.
   232 | D        | Found a burning altar of Makhleb.
   232 | D        | Found a blossoming altar of Fedhas.
   232 | D        | Found a white marble altar of Elyvilon.
   232 | D        | Found a shadowy altar of Dithmenos.
   232 | D        | Found a snail-covered altar of Cheibriados.
   233 | D        | Found a radiant altar of Vehumet.
   233 | D        | Found a corrupted altar of Lugonu.
   233 | D        | Found a roughly hewn altar of Beogh.
   234 | D        | Found a hide-covered altar of Uskayaw.
   234 | D        | Found an ancient bone altar of Kikubaaqudgha.
   234 | D        | Found a broken altar of Ashenzari.
   236 | D        | Became a worshipper of Sif Muna the Loreminder
   333 | D        | Noticed a floating eye
   335 | D        | Reached skill level 1 in Transmutations
   500 | D        | Killed a floating eye
   500 | D        | Reached * piety under Sif Muna
   501 | D        | Reached skill level 6 in Earth Magic
   501 | D        | Reached XP level 2. HP: 19/19 MP: 1/7
   501 | D        | Reached XP level 3. HP: 23/23 MP: 1/9
   501 | D        | Reached XP level 4. HP: 28/28 MP: 1/10
   504 | D        | Learned a level 2 spell: Passwall
   508 | D        | Learned a level 3 spell: Stone Arrow
   513 | D        | Learned a level 4 spell: Petrify
   868 | D        | Noticed an orc warrior
   875 | D        | Reached ** piety under Sif Muna
   884 | D        | HP: 1/42 [orc warrior/+0 flail (8)]
   889 | D        | Slain by an orc warrior

Illustrated notes

Levels and vault maps discovered:
D:        pitsprint [storerooms_1, entrance_room_1, metal_vault_7, armoury_1,
          mini_pit_1, grid_room_1, main_hall_1, silver_pit, the_coven_1,
          the_vestibule_1, steel_vault_5, golden_pit, hallway_of_sentries,
          crystal_vault_1, iron_vault_1, final_vault]

Skill      XL: |  1 |
---------------+----+-----
Transmutations | 1 |  1.0
Fighting       | 3 |  3.4
Dodging        | 3 |  3.2
Stealth        | 4 |  4.6
Spellcasting   | 4 |  4.8
Earth Magic    | 6 |  6.8

Action                   |  1- 3 |  4- 6 || total
-------------------------+-------+-------++-------
Melee: Unarmed           |       |     5 ||     5
 Cast: Sandblast         |     3 |    10 ||    13
  Use: Potion            |       |     1 ||     1
Armor: Robe              |     3 |     2 ||     5
Dodge: Dodged            |     1 |    10 ||    11
